 Dungeon Crawl Stone Soup version 0.28-a0-425-gd0eccab798 (webtiles) character file.

Game seed: 10608438301996697760

428 Gilette the Chopper (level 6, 0/47 HPs)
             Began as a Demonspawn Fighter on Sept 9, 2021.
             Slain by a scorpion (7 damage)
             ... on level 5 of the Dungeon.
             The game lasted 00:03:35 (5066 turns).

Gilette the Chopper (Demonspawn Fighter)            Turns: 5066, Time: 00:03:35

Health: 0/47       AC:  8    Str: 18    XL:     6   Next: 65%
Magic:  15/15      EV:  9    Int: 10    God:
Gold:   148        SH:  4    Dex: 12    Spells: 5/5 levels left

rFire   . . .      SeeInvis .   a - +0 war axe
rCold   . . .      Faith    .   c - +0 buckler
rNeg    . . .      Spirit   .   b - +0 scale mail
rPois   .          Reflect  .   (no helmet)
rElec   .          Harm     .   (no cloak)
rCorr   .          Rampage  .   (no gloves)
Will    +....                   (no boots)
Stlth   ..........              (no amulet)
HPRegen 0.15/turn               j - ring of willpower
MPRegen 0.14/turn               l - ring of magical power

@: no status effects
A: claws 2, icy blue scales 1
a: no special abilities


You were on level 5 of the Dungeon.
You visited 1 branch of the dungeon, and saw 5 of its levels.

You collected 148 gold pieces.

Inventory:

Hand Weapons
 a - a +0 war axe (weapon)
Missiles
 s - 4 javelins (quivered)
Armour
 b - a +0 scale mail (worn)
 c - a +0 buckler (worn)
Jewellery
 j - a ring of willpower (left claw)
 l - a ring of magical power (right claw)
 q - a ring of fire
Scrolls
 e - a scroll of teleportation {unknown}
 g - 7 scrolls of identify {unknown}
 i - a scroll of fear {unknown}
 k - a scroll of noise {unknown}
 n - 2 scrolls of enchant armour {unknown}
 p - a scroll of enchant weapon {unknown}
 r - a scroll of immolation {unknown}
 t - a scroll of holy word {unknown}
Potions
 d - 2 potions of might
 f - a potion of degeneration {unknown}
 h - 3 potions of heal wounds
 m - a potion of cancellation {unknown}
 o - a potion of mutation {unknown}


   Skills:
 - Level 3.0 Fighting
 + Level 6.6 Axes
 - Level 2.6 Armour
 - Level 2.6 Shields


You had 5 spell levels left.
You didn't know any spells.
Your spell library contained the following spells:

 Spells                   Type           Power      Damage    Failure   Level
 Animate Skeleton         Necr           0%         N/A       82%         1
 Beastly Appendage        Tmut           0%         N/A       82%         1
 Pain                     Necr           0%         1d4       82%         1
 Summon Small Mammal      Summ           0%         N/A       82%         1
 Wereblood                Tmut           0%         N/A       91%         2
 Call Canine Familiar     Summ           0%         N/A       99%         3
 Spider Form              Tmut/Pois      0%         N/A       99%         3
 Summon Guardian Golem    Hex/Summ       0%         N/A       99%         3
 Vampiric Draining        Necr           0%         2d6       99%         3


Dungeon Overview and Level Annotations

Branches:
Dungeon (5/15)
 Temple: D:4-7

Altars:

Shops:
D:1 !   D:4 (*


Innate Abilities, Weirdness & Mutations

You have very sharp fingernails.
You are partially covered in icy blue scales. (AC +2)


Message History

The scorpion stings you but does no damage.
You closely miss the scorpion.
The scorpion is moderately wounded.
You feel very sick.
The scorpion stings you but does no damage. x2
You hit the scorpion.
The scorpion is heavily wounded.
You feel sick.
The scorpion stings you but does no damage.
You hit the scorpion but do no damage.
The scorpion is heavily wounded.
You feel sick. The scorpion barely misses you. The scorpion stings you.
You hit the scorpion but do no damage.
The scorpion is heavily wounded.
You feel sick. The scorpion closely misses you.
You hit the scorpion but do no damage.
The scorpion is heavily wounded.
You feel sick. The scorpion barely misses you. The scorpion stings you.
* * * LOW HITPOINT WARNING * * *
You closely miss the scorpion.
The scorpion is heavily wounded.
You feel sick. The scorpion stings you.
* * * LOW HITPOINT WARNING * * *
You closely miss the scorpion.
The scorpion is heavily wounded.
You feel sick.
The scorpion stings you but does no damage.
You closely miss the scorpion.
The scorpion is heavily wounded.
You feel sick.
You are no longer poisoned.
The scorpion barely misses you.
The scorpion stings you but does no damage.
You closely miss the scorpion.
The scorpion is heavily wounded.
You block the scorpion's attack.
You closely miss the scorpion.
The scorpion is heavily wounded.
The scorpion stings you!
You die...

#. ##... ######
.!......... ##..
.....# #..........
##. .....+
+.......... #. .....#
#.......... #. ##...#
#.......... ... #
##.# #.......... ...
## #.+ +..s.....# ##
.##..# #+####..@....#
.#..# #...........##
...# ####.....#....#
..## #..........# #
.## #..####..... ##
.# #..# #....
.######. .##
########..# ..##
........
..####.........# ..##
#......
...##.........###....
#.....


You could see a scorpion.

Vanquished Creatures
  A black bear (D:5)
  2 scorpions
  An orc priest (D:4)
  A hound (D:5)
  A bullfrog skeleton (D:5)
  An iguana (D:5)
  A scorpion zombie (D:5)
  2 adders
  An ufetubus (D:4)
  A worm (D:3)
  4 orcs (D:4)
  8 ball pythons
  5 endoplasms
  2 giant cockroaches
  6 goblins
  2 hobgoblins
  2 quokkas
  2 bats (D:3)
  4 frilled lizards
  8 kobolds
  3 rats
58 creatures vanquished.

Notes
Turn   | Place    | Note
-------+----------+-------------------------------------------
     0 | D:1      | Gilette the Demonspawn Fighter began the quest for the Orb.
     0 | D:1      | Reached XP level 1. HP: 18/18 MP: 1/1
    47 | D:1      | Reached skill level 2 in Axes
   336 | D:1      | Gained mutation: You have sharp fingernails. [demonic
                  | ancestry]
   336 | D:1      | Reached XP level 2. HP: 21/24 MP: 2/2
  1034 | D:1      | Found a faded altar of an unknown god.
  1215 | D:1      | Found Qitolac's Distillery.
  1313 | D:2      | Reached skill level 3 in Axes
  1313 | D:2      | Gained mutation: You have very sharp fingernails. [demonic
                  | ancestry]
  1313 | D:2      | Reached XP level 3. HP: 29/29 MP: 3/3
  2784 | D:4      | Reached skill level 4 in Axes
  2784 | D:4      | Gained mutation: You are partially covered in icy blue
                  | scales. (AC +2) [demonic ancestry]
  2784 | D:4      | Reached XP level 4. HP: 8/35 MP: 4/4
  3119 | D:4      | Found Epnihy's Assorted Antiques.
  3414 | D:4      | Noticed a scorpion
  3441 | D:4      | Killed a scorpion
  3442 | D:4      | Reached skill level 5 in Axes
  3442 | D:4      | Reached XP level 5. HP: 5/41 MP: 5/5
  3990 | D:4      | Found Jomema's Antique Weapon Shop.
  4103 | D:5      | Entered Level 5 of the Dungeon
  4447 | D:5      | Noticed a black bear
  4457 | D:5      | Killed a black bear
  4458 | D:5      | Reached skill level 6 in Axes
  4458 | D:5      | Reached XP level 6. HP: 37/47 MP: 6/6
  5066 | D:5      | Slain by a scorpion

Illustrated notes

Levels and vault maps discovered:
D:1:      scummos_arrival_star, layout_basic, serial_shops,
          nicolae_shop_behind_doors, ebering_ecumenical_altar_webs,
          glass_columns_c
D:2:      layout_basic
D:3:      layout_rooms, st_stairs_4
D:4:      layout_gridville, serial_shops, nicolae_shop_behind_doors, shop
D:5:      layout_layer_cave, mainiacjoe_overflow_six_doors_small,
          chequers_jeans, uniq_crazy_yiuf_cottage

Skill      XL: |  1  2  3  4  5 |
---------------+----------------+-----
Axes           | 2 3 4 5 6 |  6.6
Fighting       | |  3.0
Armour         | |  2.6
Shields        | |  2.6

Action                   |  1- 3 |  4- 6 || total
-------------------------+-------+-------++-------
Melee: War axe           |   128 |    97 ||   225
  Use: Potion            |     1 |     1 ||     2
Armor: Scale mail        |    50 |    52 ||   102
Dodge: Dodged            |    61 |    51 ||   112
Block: Buckler           |    30 |    20 ||    50

Table legend: (Time is in decaauts)
 A = Elapsed time spent in this place.
 B = Non-inter-level travel time spent in this place.
 C = Inter-level travel time spent in this place.
 D = Time resting spent in this place.
 E = Time spent auto-exploring this place.
 F = Levels seen in this place.
 G = Mean time per level.
                   A        B        C        D        E       F      G
               +--------+--------+--------+--------+--------+-----+--------+
         Total |   5138 |   5040 |     98 |    135 |   4272 |   5 | 1027.6 |
       Dungeon |   5138 |   5040 |     98 |    135 |   4272 |   5 | 1027.6 |
               +--------+--------+--------+--------+--------+-----+--------+

Top non-repeatable levels by time:
     D:4: 1525 daAuts
     D:1: 1260 daAuts
     D:5: 975 daAuts
     D:2: 776 daAuts
     D:3: 600 daAuts
